 Dungeon Crawl Stone Soup version 0.29.1-12-g30fa7ad0bf (webtiles) character file.

Game seed: 17265978491614255399

94941 croobank the Covert (level 16, -2/127 HPs)
             Began as a Human Delver on Jan 13, 2023.
             Was an Initiate of Gozag.
             Slain by a meliai
             ... wielding the +9 long sword "Touri" {speed, rF+ MP+9 Dex-4}
              (8 damage)
             ... on level 14 of the Dungeon on Jan 14, 2023.
             The game lasted 03:11:30 (46584 turns).

croobank the Covert (Human Delver)                 Turns: 46584, Time: 03:11:31

Health: -2/127     AC: 13    Str: 13    XL:     16   Next: 61%
Magic:  0/30       EV: 18    Int: 16    God:    Gozag
Gold:   303        SH:  0    Dex: 17    Spells: 15/35 levels left

rFire   + + .      SeeInvis .   y - +4 hammer of the Dwarven Hall {spect, rElec rN+}
rCold   . . .      Faith    .   (no shield)
rNeg    + . .      Spirit   +   b - +2 troll leather armour
rPois   .          Reflect  .   (helmet restricted)
rElec   +          Harm     .   J - +1 cloak {rC+}
rCorr   .          Rampage  .   f - +1 Delatra's gloves {ID++}
Will    +....                   W - +2 pair of boots
Stlth   +++++.....              K - amulet of guardian spirit
HPRegen 1.11/turn               i - ring of protection from fire
MPRegen 0.22/turn               Z - ring of fire

@: no status effects
A: horns 1, subdued magic 1
a: Renounce Religion, Potion Petition, Call Merchant, Bribe Branch


You were on level 14 of the Dungeon.
You worshipped Gozag.
Gozag was aware of your devotion.
You visited 3 branches of the dungeon, and saw 21 of its levels.
You also visited: Ice Cave.

You collected 7166 gold pieces.
You spent 489 gold pieces at shops.
You paid 6374 gold pieces to Gozag.

Inventory:

Hand Weapons
 a - a +3 war axe of flaming
 n - a +3 scimitar of flaming
 y - the +4 hammer of the Dwarven Hall (weapon) {spect, rElec rN+}
   (You found it on level 3 of the Dungeon)

   When its wielder attacks, the weapon's spirit leaps out and strikes again.
   The spirit shares a part of any damage it takes with its wielder.
   rElec:     It insulates you from electricity.
   rN:        It protects you from negative energy.
 z - a +3 bardiche of venom
 E - a +2 mace of holy wrath
 R - a +2 halberd of flaming
Missiles
 k - 35 poisoned darts
 q - 4 curare-tipped darts
 t - a throwing net
 w - 2 silver boomerangs (quivered)
 P - 10 atropa-tipped darts
Armour
 b - a +2 troll leather armour (worn)
 f - the +1 Delatra's gloves (worn) {ID++}
   (You found it on level 3 of the Dungeon)

   It heals its wearer when they drink unknown potions.
   It restores its wearer's MP when they read unknown scrolls.
 A - a +0 buckler
 J - a +1 cloak of cold resistance (worn)
 W - a +2 pair of boots (worn)
Magical Staves
 B - a staff of air
 M - a staff of earth
 U - a staff of death
Jewellery
 i - a ring of protection from fire (left hand)
 l - a ring of protection from cold
 u - a ring of willpower
 G - a ring of see invisible
 I - a +6 ring of strength
 K - an amulet of guardian spirit (around neck)
 S - the ring "Rumuklott" {rC+ Slay+4}
   (You found it on level 11 of the Dungeon)

   [ring of slaying]

   Slay:      It affects your accuracy & damage with ranged weapons and melee
   (+4).
   rC:        It protects you from cold.
 Z - a ring of fire (right hand)
Wands
 g - a wand of digging (4)
 h - a wand of polymorph (12)
 m - a wand of iceblast (12)
 s - a wand of paralysis (3)
 H - a wand of flame (16)
Scrolls
 c - 5 scrolls of fog
 d - 3 scrolls of magic mapping
 e - 2 scrolls of immolation
 o - 7 scrolls of vulnerability
 p - 6 scrolls of amnesia
 F - 3 scrolls of enchant weapon
 N - 2 scrolls of poison
Potions
 r - a potion of lignification
 v - 2 potions of mutation
 C - 7 potions of curing
 L - 7 potions of brilliance
 O - 2 potions of flight
 Q - 2 potions of attraction
Miscellaneous
 x - a phantom mirror
 Y - a lightning rod (4/4)


   Skills:
 + Level 12.3 Fighting
 - Level 7.5(9.6) Axes
 + Level 9.4(10.6) Maces & Flails
 + Level 12.0 Dodging
 + Level 13.8 Stealth
 + Level 10.3 Spellcasting
 + Level 1.7 Conjurations
 + Level 2.6 Hexes
 + Level 7.9 Summonings
 - Level 5.4 Translocations
 - Level 6.0 Air Magic
 + Level 1.9 Poison Magic


You had 15 spell levels left.
You knew the following spells:

 Your Spells              Type           Power      Damage    Failure   Level
a - Apportation           Tloc           38%        N/A       1%          1
b - Summon Lightning Spi  Summ/Air       23%        N/A       4%          4
c - Airstrike             Air            10%        2d(2-18)  8%          4
d - Swiftness             Air            21%        N/A       1%          3
e - Teleport Other        Tloc           19%        N/A       2%          3
f - Poisonous Vapours     Pois/Air       32%        N/A       2%          2
g - Mephitic Cloud        Conj/Pois/Air  14%        N/A       7%          3

Your spell library contained the following spells:

 Spells                   Type           Power      Damage    Failure   Level
 Shock                    Conj/Air       60%        1d6       1%          1
 Summon Small Mammal      Summ           100%       N/A       1%          1
 Slow                     Hex            48%        N/A       2%          1
 Gell's Gravitas          Tloc           19%        N/A       2%          3
 Lesser Beckoning         Tloc           19%        N/A       2%          3
 Magic Dart               Conj           40%        1d5       4%          1
 Sting                    Tmut/Pois      32%        1d4       6%          1
 Searing Ray              Conj           20%        2d5       7%          2
 Necrotise                Necr           24%        1d5       9%          1
 Confusing Touch          Hex            12%        N/A       9%          3
 Tukima's Dance           Hex            12%        N/A       9%          3
 Passage of Golubria      Tloc           19%        N/A       10%         4
 Ignite Poison            Fire/Tmut/Pois 11%        N/A       22%         3
 Vampiric Draining        Necr           6%         2d6       28%         3
 Cause Fear               Hex            6%         N/A       32%         4
 Fulminant Prism          Conj/Hex       5%         3d7       36%         4
 Olgreb's Toxic Radiance  Pois           11%        N/A       41%         4
 Lightning Bolt           Conj/Air       7%         1d20      50%         5
 Freezing Cloud           Conj/Ice/Air   6%         6-21      67%         5
 Yara's Violent Unravell  Hex/Tmut       4%         3d4       85%         5
 Agony                    Necr           6%         N/A       96%         5
 Dragon Form              Tmut           3%         N/A       100%        7
 Dragon's Call            Summ           12%        N/A       100%        9


Dungeon Overview and Level Annotations

Branches:
Dungeon (14/15)            Temple (0/1) D:7            Lair (5/5) D:8
 Shoals (0/4) Lair:2       Spider (0/4) Lair:3        Slime (0/5) Lair:5
    Orc (2/2) D:9             Elf (0/3) Orc:2        Vaults (0/5) D:14
  IceCv (visited)

Altars:
Ashenzari
Cheibriados
Elyvilon
Gozag
Hepliaklqana
Makhleb
Qazlal
Trog
Vehumet
Xom
Yredelemnul
Zin
Jiyva
Lugonu

Shops:
Orc:1 [   Orc:2 ![[(:   Lair:4 *

Portals:
Abyss: Lair:5
Trove: D:11 (give 5 potions of resistance)

Annotations:
D:14 1 runed translucent door, fitz's ghost, journeyman DsGl
Lair:1 2 transporters, Unforgiven's ghost, journeyman DECj


Innate Abilities, Weirdness & Mutations

You have a pair of small horns on your head.
Your spells are a little easier to cast, but a little less powerful.


Message History

The meliai is lightly wounded.
Your +4 hammer of the Dwarven Hall {spect, rElec rN+} hits the meliai.
The meliai hits you with the +9 long sword "Touri" {speed, rF+ MP+9 Dex-4}!
The meliai stings you but does no damage.
The meliai completely misses you. The meliai misses you.
The meliai barely misses you. The meliai misses you.
The manticore bites your +4 hammer of the Dwarven Hall {spect, rElec rN+}.
Your spectral weapon shares its damage with you!
The manticore claws your +4 hammer of the Dwarven Hall {spect, rElec rN+} but does no damage.
The manticore claws your +4 hammer of the Dwarven Hall {spect, rElec rN+}.
Your spectral weapon shares its damage with you!
Casting: Summon Lightning Spire (mildly dangerous; 4% risk of failure)
Confirm with . or Enter, or press ? or * to list all spells.
An electric hum fills the air.
The meliai hits you with the +9 long sword "Touri" {speed, rF+ MP+9 Dex-4}!!
The meliai misses you.
The meliai hits you with the +9 long sword "Touri" {speed, rF+ MP+9 Dex-4}!!
The meliai stings you but does no damage.
The meliai hits you with the +9 long sword "Touri" {speed, rF+ MP+9 Dex-4}!
* * * LOW HITPOINT WARNING * * *
The meliai barely misses you. The meliai attacks as you move away!
The meliai hits you with the +9 long sword "Touri" {speed, rF+ MP+9 Dex-4}!
* * * LOW HITPOINT WARNING * * *
The meliai stings you.
* * * LOW HITPOINT WARNING * * *
The meliai completely misses you. The meliai closely misses you.
The meliai calls down the wrath of its god upon you.
Something smites you!
* * * LOW HITPOINT WARNING * * *
The meliai hits you with the +9 long sword "Touri" {speed, rF+ MP+9 Dex-4}!
* * * LOW HITPOINT WARNING * * *
The meliai misses you.
You completely miss the meliai.
You headbutt the meliai, but do no damage.
The meliai is moderately wounded.
Your +4 hammer of the Dwarven Hall {spect, rElec rN+} closely misses the meliai.
The meliai hits you with the +9 long sword "Touri" {speed, rF+ MP+9 Dex-4}!
You die...
Your body crumbles into a pile of gold.

##.#
#.......#
#.#
#########
#.# #.# $$
#.# $ #.#
#.########
#.#8H.~≈8#
#.@y#§~≈≈#
###(#.~≈≈#
#.#.~≈≈#
#.#.≈≈≈'.
#.#.≈≈≈#..
#.#.≈≈≈#..#
#...~~≈# ..
##..≈≈8#
#######


You could see a manticore, a meliai (ally target), a friendly +4 hammer of the
Dwarven Hall {spect, rElec rN+} (summoned) and a friendly lightning spire
(summoned).

Vanquished Creatures
  An ironbound preserver (D:14)
  Azrael (D:14)
  A bunyip (shapeshifter) (D:14)
  An entropy weaver (shapeshifter) (Lair:5)
  2 boulder beetles (D:13)
  11 hydras
  An ogre mage (D:13)
  Erolcha (D:12)
  2 catoblepae
  5 centaur warriors
  2 two-headed ogres
  3 death yaks
  4 thrashing horrors (Lair:5)
  A wizard (D:14)
  2 orc knights
  4 cyclopes
  A wolf spider (shapeshifter) (Lair:5)
  A manticore (shapeshifter) (Lair:5)
  13 ugly things
  3 orc sorcerers (Orc:2)
  5 manticores
  15 elephants
  3 black mambas
  An ice statue (IceCv)
  A smoke demon (Lair:5)
  10 cane toads
  A gargoyle (D:12)
  2 efreet
  3 rime drakes
  An unseen horror (D:13)
  8 komodo dragons
  A freezing wraith (IceCv)
  A tengu conjurer (D:14)
  A yaktaur (D:13)
  An ancient zyme (Lair:5)
  3 trolls
  A tarantella (shapeshifter) (D:13)
  3 hornets
  9 blink frogs
  4 slime creatures (D:13)
  A large abomination (Lair:5)
  5 dream sheep
  A culicivora (Lair:3)
  A shadow (D:10)
  A water elemental (D:14)
  47 yaks
  A fire bat (D:5)
  A ynoxinul (Lair:5)
  2 centaur simulacra (D:14)
  4 fire elementals (D:14)
  3 wyverns
  2 steam dragons (D:7)
  9 vampire mosquitoes
  A chaos spawn (Lair:5)
  A basilisk (D:12)
  2 death yak simulacra
  Menkaure (D:5)
  4 wargs
  6 small abominations (Lair:5)
  An acid dragon (D:11)
  9 water moccasins
  2 nameless horrors
  3 hell hounds (D:14)
  A black bear (D:6)
  4 ice beasts
  A sky beast (D:7)
  21 orc warriors
  5 ogres
  5 centaurs
  7 wolves
  A kobold brigand (D:8)
  9 bullfrogs
  A necrophage (D:4)
  A gnoll sergeant (D:12)
  A cane toad simulacrum (IceCv)
  A scorpion (D:5)
  A wight (D:9)
  2 elephant simulacra (IceCv)
  4 killer bees (D:7)
  4 electric eels
  6 jellies
  A gnoll bouda (D:6)
  10 orc priests
  Crazy Yiuf (D:3)
  4 hounds
  4 iguanas
  Ijyb (D:3)
  22 orc wizards
  9 gnolls
  12 adders
  A shadow imp (D:6)
  2 white imps
  An ufetubus (D:14)
  2 worms
  3 dart slugs
  67 orcs
  A bat (D:1)
  8 endoplasms
  4 goblins
  8 hobgoblins
  5 jackals
  7 ball pythons
  5 frilled lizards
  9 kobolds
504 creatures vanquished.

Vanquished Creatures (collateral kills)
  An orc warlord (Orc:2)
  A boulder beetle (D:12)
  A tengu warrior (D:13)
  2 death yaks (Lair:5)
  Sonja (Lair:2)
  4 deep elf pyromancers
  An oklob plant (Orc:2)
  A slime creature (D:13)
  3 elephants (Lair:1)
  An ugly thing (D:14)
  A manticore (D:14)
  A cyclops (D:14)
  3 cane toads
  3 komodo dragons
  2 tengu conjurers
  A troll (Orc:2)
  7 blink frogs
  3 dream sheep (Lair:5)
  10 yaks
  A basilisk (Lair:5)
  A vampire mosquito (D:13)
  A chaos spawn (Lair:5)
  3 water moccasins
  A floating eye (shapeshifter) (D:13)
  3 orc warriors (Orc:2)
  2 ice beasts (D:14)
  A bullfrog (Lair:4)
  A small abomination (Lair:5)
  4 orc priests (Orc:2)
  4 jellies (Lair:5)
  2 orc wizards (Orc:2)
  A wolf simulacrum (Lair:1)
  A gnoll (D:12)
  2 white imps (D:14)
  27 orcs
102 creatures vanquished.

Vanquished Creatures (others)
  An ugly thing (D:14)
  An orc wizard (Orc:2)
  A bush (Lair:1)
  31 fungi
  41 plants
75 creatures vanquished.

Grand Total: 681 creatures vanquished

Notes
Turn   | Place    | Note
-------+----------+-------------------------------------------
     0 | D:5      | croobank the Human Delver began the quest for the Orb.
     0 | D:5      | Reached XP level 1. HP: 18/18 MP: 1/1
   174 | D:5      | Noticed an ice beast
   174 | D:5      | Noticed a scorpion
   286 | D:3      | Found the +1 Delatra's gloves {ID++}
   994 | D:3      | Reached XP level 2. HP: 24/24 MP: 2/2
  1011 | D:3      | Noticed Ijyb
  1028 | D:3      | You fall into a shaft and drop 2 floors!
  1039 | D:5      | Reached XP level 3. HP: 29/29 MP: 3/3
  1047 | D:5      | Noticed Menkaure
  1050 | D:5      | Killed Menkaure
  1051 | D:5      | Reached XP level 4. HP: 37/37 MP: 4/4
  1051 | D:5      | Reached XP level 5. HP: 42/42 MP: 5/5
  1056 | D:5      | Found a burning altar of Makhleb.
  1099 | D:5      | Noticed an ogre
  1104 | D:5      | Killed an ogre
  1105 | D:5      | Reached XP level 6. HP: 48/48 MP: 6/6
  1182 | D:5      | Reached skill level 6 in Stealth
  1206 | D:5      | Noticed a fire bat
  1206 | D:5      | an ice beast changed into a fire bat
  1216 | D:5      | Killed a fire bat
  1217 | D:5      | Reached XP level 7. HP: 11/55 MP: 7/7
  2654 | D:2      | Reached skill level 5 in Fighting
  3016 | D:1      | Learned a level 1 spell: Apportation
  3098 | D:1      | Found a faded altar of an unknown god.
  3834 | D:3      | Found a runed translucent door.
  3835 | D:3      | Noticed Crazy Yiuf
  3852 | D:3      | Killed Crazy Yiuf
  4214 | D:3      | Identified the +4 hammer of the Dwarven Hall {spect, rElec
                  | rN+}
  4267 | D:3      | Reached XP level 8. HP: 62/62 MP: 8/8
  4500 | D:3      | Identified the +1 ring mail of Zeyh Tori {rN+ Dex+3}
  4540 | D:3      | Killed Ijyb
  4706 | D:4      | Reached skill level 1 in Spellcasting
  4706 | D:4      | Reached skill level 1 in Translocations
  5086 | D:4      | Reached skill level 7 in Stealth
  5663 | D:6      | Reached skill level 5 in Dodging
  5727 | D:6      | Reached skill level 5 in Axes
  5809 | D:6      | Reached XP level 9. HP: 45/69 MP: 12/12
  6014 | D:6      | Found a bloodstained altar of Trog.
  6232 | D:6      | Found a snail-covered altar of Cheibriados.
  6409 | D:6      | Found a basalt altar of Yredelemnul.
  6409 | D:6      | Found an opulent altar of Gozag.
  6434 | D:6      | Found a radiant altar of Vehumet.
  6435 | D:6      | Found a shimmering altar of Xom.
  6435 | D:6      | Found a stormy altar of Qazlal.
  6437 | D:6      | Became a worshipper of Gozag Ym Sagoz the Greedy
  6439 | D:6      | Found a glowing silver altar of Zin.
  6440 | D:6      | Found a hazy altar of Hepliaklqana.
  7523 | D:7      | Found a broken altar of Ashenzari.
  7527 | D:7      | Reached skill level 8 in Stealth
  7766 | D:7      | Reached XP level 10. HP: 50/77 MP: 15/15
  7986 | D:7      | Found a staircase to the Ecumenical Temple.
  9901 | D:8      | Found a staircase to the Lair.
 10251 | D:9      | Reached skill level 9 in Stealth
 10866 | D:8      | Reached skill level 5 in Spellcasting
 11343 | D:8      | Gained mutation: Your spells are a little easier to cast,
                  | but a little less powerful. [potion of mutation]
 11343 | D:8      | Gained mutation: You occasionally lose the ability to read
                  | scrolls when taking damage. [potion of mutation]
 11343 | D:8      | Lost mutation: You occasionally lose the ability to read
                  | scrolls when taking damage. [potion of mutation]
 11343 | D:8      | Gained mutation: You have a pair of small horns on your
                  | head. [potion of mutation]
 11672 | D:8      | Reached XP level 11. HP: 53/85 MP: 18/18
 12571 | D:9      | Found a staircase to the Orcish Mines.
 13067 | D:10     | Entered Level 10 of the Dungeon
 13296 | D:10     | Reached skill level 1 in Maces & Flails
 14962 | D:11     | Identified the ring "Rumuklott" {rC+ Slay+4}
 14988 | D:11     | Found a portal to a secret trove of treasure.
 15588 | D:10     | Reached skill level 10 in Stealth
 16332 | D:12     | Noticed Erolcha
 16332 | D:12     | Noticed a boulder beetle
 16462 | Lair:1   | Entered Level 1 of the Lair of Beasts
 16462 | Lair:1   | Noticed an elephant
 16462 | Lair:1   | Noticed an elephant
 16462 | Lair:1   | Noticed an elephant
 16462 | Lair:1   | Noticed an elephant
 16462 | Lair:1   | Noticed an elephant
 16462 | Lair:1   | Noticed an elephant
 16472 | Lair:1   | Reached skill level 5 in Summonings
 16472 | Lair:1   | Reached XP level 12. HP: 91/94 MP: 21/21
 16515 | Lair:1   | Learned a level 4 spell: Summon Lightning Spire
 16521 | Lair:1   | Reached XP level 13. HP: 64/100 MP: 18/22
 16733 | Lair:1   | Noticed a seven-headed hydra
 16736 | Lair:1   | Noticed a four-headed hydra
 16739 | Lair:1   | Noticed a four-headed hydra
 16761 | Lair:1   | Found a frozen archway.
 16770 | IceCv    | Entered an ice cave
 16792 | IceCv    | Learned a level 4 spell: Airstrike
 21755 | IceCv    | Glimpsed the power of Zot.
 22233 | Lair:1   | Killed a four-headed hydra
 22334 | Lair:1   | Killed a four-headed hydra
 22407 | Lair:1   | Killed a seven-headed hydra
 22441 | Lair:1   | Reached skill level 11 in Stealth
 22484 | D:8      | Reached skill level 5 in Maces & Flails
 24169 | Lair:1   | Found a transporter.
 24171 | Lair:1   | Found a transporter.
 24171 | Lair:1   | Noticed Unforgiven's ghost (journeyman DECj)
 24484 | Lair:2   | Learned a level 3 spell: Swiftness
 25080 | Lair:2   | Noticed Sonja
 25092 | Lair:2   | Killed Sonja
 25093 | Lair:2   | Reached skill level 10 in Fighting
 25157 | Lair:2   | Found a staircase to the Shoals.
 25288 | Lair:2   | You fall into a shaft and drop 2 floors!
 25939 | Lair:2   | Reached XP level 14. HP: 99/110 MP: 21/25
 27045 | Lair:3   | Reached skill level 10 in Dodging
 27850 | Lair:3   | Found a hole to the Spider Nest.
 28306 | Lair:4   | Reached skill level 12 in Stealth
 28551 | Lair:4   | Bought a scroll of blinking for 97 gold pieces
 29284 | Lair:5   | Entered Level 5 of the Lair of Beasts
 30150 | Lair:5   | Found a staircase to the Slime Pits.
 30170 | Lair:5   | Found a viscous altar of Jiyva.
 31457 | Lair:5   | Learned a level 3 spell: Teleport Other
 32543 | Lair:5   | Reached XP level 15. HP: 104/119 MP: 18/28
 34647 | Lair:5   | Learned a level 2 spell: Poisonous Vapours
 34721 | Lair:5   | Reached skill level 13 in Stealth
 34730 | Lair:5   | Found a corrupted altar of Lugonu.
 34730 | Lair:5   | Found a one-way gate to the infinite horrors of the Abyss.
 35167 | D:12     | Killed Erolcha
 36346 | D:12     | Found a white marble altar of Elyvilon.
 38281 | D:13     | Identified the +7 chain mail "Burrahyw" {+Inv rF- rN+}
 39596 | Orc:1    | Entered Level 1 of the Orcish Mines
 39791 | Orc:1    | Found Ponomin's Antique Armour Shop.
 39984 | Orc:2    | Entered Level 2 of the Orcish Mines
 39987 | Orc:2    | Paralysed by an orc sorcerer for 2 turns
 40154 | Orc:2    | Reached skill level 5 in Translocations
 40376 | Orc:2    | Found Ahiynus's Book Emporium.
 40691 | Orc:2    | Identified a scroll of acquirement
 41086 | Orc:2    | Found Finamm's Distillery.
 41144 | Orc:2    | Reached XP level 16. HP: 127/127 MP: 23/29
 41201 | Orc:2    | Paralysed by an orc sorcerer for 3 turns
 41216 | Orc:2    | Paralysed by an orc sorcerer for 5 turns
 41217 | Orc:2    | Found a staircase to the Elven Halls.
 41389 | Orc:2    | Reached skill level 10 in Spellcasting
 41931 | Orc:2    | Acquired a ring of protection from fire
 43074 | Orc:2    | Found Ecvaqa Afief's Antique Armour Emporium.
 43269 | Orc:2    | Found Meecvegi's Antique Armour Shoppe.
 43335 | Orc:2    | Found Aciythirr's Antique Weapon Emporium.
 43631 | D:14     | Noticed Azrael
 43682 | D:14     | Killed Azrael
 43985 | D:14     | Reached skill level 1 in Hexes
 44050 | D:14     | Found a runed translucent door.
 44052 | D:14     | Noticed fitz's ghost (journeyman DsGl)
 45011 | Orc:2    | Bought a Trismegistus Codex for 392 gold pieces
 45015 | Orc:2    | Learned a level 3 spell: Mephitic Cloud
 45595 | D:14     | HP: 2/127 [barbs]
 45596 | D:14     | Reached skill level 1 in Conjurations
 45596 | D:14     | Reached skill level 1 in Poison Magic
 45931 | D:14     | Found a gate to the Vaults.
 46217 | D:14     | Found a broken altar of Ashenzari.
 46572 | D:14     | Identified the +9 long sword "Touri" {speed, rF+ MP+9
                  | Dex-4}
 46583 | D:14     | HP: 5/127 [meliai/the +9 long sword "Touri" {speed, rF+
                  | MP+9 Dex-4} (9)]
 46584 | D:14     | Slain by a meliai

Illustrated notes

Levels and vault maps discovered:
D:1:      psy_arrival_basics, layout_loops_ring, basic_ecumenical_altar
D:2:      layout_basic, dk_noncrumbling_4
D:3:      layout_basic, nicolae_elevator_lobby_plus, uniq_ijyb,
          uniq_crazy_yiuf_cottage
D:4:      layout_rooms
D:5:      layout_basic, lemuel_doored_altar, enter_ossuary_1, uniq_menkaure,
          uniq_duvessa
D:6:      layout_basic, minitemple, cheibrodos_worm_habitat,
          mainiacjoe_overflow_brackets, grunt_ministairs_1,
          nicolae_elevator_lobby_asterisk
D:7:      layout_loops_cross, lemuel_round_altar, minmay_temple_entry_poolview,
          patterned_corridor
D:8:      layout_gridville, lair_entry_dummy
D:9:      layout_cave_pods, hiddenorc1_lemuel, chequers_garden,
          kennysheep_generic_room_13
D:10:     layout_basic
D:11:     layout_cave_pools, nicolae_trove_entry_columns
D:12:     layout_loops_cross, nicolae_elyvilon_temple_path, uniq_erolcha
D:13:     minmay_the_grid_triangle_9x9_recursive_2_mashed
          [minmay_the_grid_triangle_9x9_prize_top_heavy,
          minmay_the_grid_triangle_9x9_zippers_vertical,
          minmay_the_grid_triangle_9x9_sprig,
          minmay_the_grid_triangle_9x9_negative_grid], layout_small_grid
D:14:     layout_basic, skrybe_vaults_entry_preservation, lemuel_tele_altar,
          serial_ice, serial_ice_i, serial_ice_m, serial_ice_n, serial_ice_b,
          serial_ice_c, serial_ice_a, serial_ice_f, serial_ice_d,
          ebering_ghost_inner_flame, evilmike_minifort, uniq_azrael
Lair:1:   layout_regular_city, gammafunk_ghost_arena,
          portal_ice_cave_entry_ice_simulacra, lemuel_fruit_fields,
          grunt_megastairs_5
Lair:2:   layout_gridlike, minmay_shoals_entry_centaurs, serial_bayou_pond_d,
          beast_lair_carwin_11, uniq_sonja
Lair:3:   layout_long_grid, hellmonk_spider_entry_life_and_decay
Lair:4:   layout_long_grid, serial_forest, infiniplex_forest_straight_3,
          infiniplex_forest_3_way, infiniplex_forest_end_1,
          infiniplex_forest_lined_room_, infiniplex_forest_clump_double,
          infiniplex_forest_clump_tiny, infiniplex_forest_lined_corner,
          infiniplex_forest_zigzag_1, enter_volcano_2,
          infiniplex_staircase_pool_2
Lair:5:   hellmonk_lair_end_abyssal_woods, layout_regular_city,
          nicolae_slime_entry_slimehenge
Orc:1:    layout_diamond_mine, serial_shops, nicolae_shop_waterfront,
          mines1_david
Orc:2:    grunt_orc_community_town_hall, layout_caves,
          grunt_orc_community_big_house_1, grunt_orc_community_big_house_2,
          grunt_orc_community_house_1, grunt_orc_community_house_2,
          grunt_orc_community_house_3, grunt_orc_community_house_2,
          grunt_orc_community_house_3, grunt_orc_community_house_2,
          serial_shops, shop_statue, mines3_lemuel

Skill      XL: |  1  2  3  4  5  6  7  8  9 10 11 12 13 14 15 16 |
---------------+-------------------------------------------------+-----
Axes           | 3 4 5 6 7 |  7.5
Dodging        | 3 4 5 6 7 8 9 10 11 12 | 12.0
Fighting       | 4 5 6 7 8 10 11 12 | 12.3
Stealth        | 6 7 8 9 10 11 12 13 | 13.8
Spellcasting   | 2 3 5 6 7 9 10 | 10.3
Translocations | 2 3 5 |  5.4
Maces & Flails | 3 6 7 8 9 |  9.4
Summonings     | 5 7 |  7.9
Air Magic      | 6 |  6.0
Hexes          | 2 |  2.6
Conjurations   | 1 |  1.7
Poison Magic   | 1 |  1.9

Action                   |  1- 3 |  4- 6 |  7- 9 | 10-12 | 13-15 | 16-18 || total
-------------------------+-------+-------+-------+-------+-------+-------++-------
Melee: Hand axe          |    12 |    11 |   173 |       |       |       ||   196
       Punch             |       |       |     5 |     4 |    15 |     9 ||    33
       Mace              |       |       |   168 |   249 |   808 |   232 ||  1457
       Headbutt          |       |       |       |    45 |   270 |    79 ||   394
       Dagger            |       |       |       |     3 |       |       ||     3
Throw: Dart              |     1 |       |       |       |     2 |       ||     3
       Throwing net      |       |       |       |       |     2 |       ||     2
       Boomerang         |       |       |       |       |       |     4 ||     4
 Cast: Summon Lightning  |       |       |       |       |   211 |    73 ||   284
       Airstrike         |       |       |       |       |    18 |     1 ||    19
       Swiftness         |       |       |       |       |     1 |     1 ||     2
       Teleport Other    |       |       |       |       |     1 |       ||     1
       Poisonous Vapours |       |       |       |       |       |    14 ||    14
       Mephitic Cloud    |       |       |       |       |       |     7 ||     7
Invok: Potion Petition   |       |       |       |       |     6 |     4 ||    10
       Call Merchant     |       |       |       |       |     1 |       ||     1
Evoke: Wand              |     2 |     7 |     1 |     3 |    19 |    10 ||    42
       Lightning rod     |       |       |       |       |       |     2 ||     2
       Phantom mirror    |       |       |       |       |       |     1 ||     1
  Use: Potion            |     1 |       |     5 |     4 |     9 |     3 ||    22
       Scroll            |     1 |       |     1 |    11 |    20 |     8 ||    41
 Stab: Sleeping          |     2 |     1 |    17 |     5 |     3 |     1 ||    29
       Distracted        |       |       |     2 |     5 |    32 |    18 ||    57
       Held in net/web   |       |       |       |       |     1 |       ||     1
       Invisible         |       |       |       |       |       |     5 ||     5
       Confused          |       |       |       |       |       |     2 ||     2
Armor: Leather armour    |     1 |     4 |   108 |    66 |   192 |       ||   371
       Skin              |       |       |     4 |       |    42 |       ||    46
       Ring mail         |       |       |       |       |    34 |       ||    34
       Troll leather arm |       |       |       |       |    14 |    77 ||    91
Dodge: Dodged            |    14 |     7 |   232 |   220 |   754 |   196 ||  1423
